 Dungeon Crawl Stone Soup version 0.25-a0-549-g6e6e6501ad (webtiles) character file.

Game seed: 15437004699036166410, levelgen mode: deterministic

82 ICC the Skirmisher (level 4, 0/24 HPs)
             Began as a Vine Stalker Fighter on Feb 23, 2020.
             Slain by an iguana (5 damage)
             ... on level 2 of the Dungeon.
             The game lasted 00:02:15 (934 turns).

ICC the Skirmisher (Vine Stalker Fighter)            Turns: 934, Time: 00:02:16

Health: 0/24       AC:  6    Str: 20    XL:     4   Next: 43%
Magic:  0/6        EV: 10    Int:  8    God:
Gold:   105        SH:  4    Dex: 13    Spells: 5/5 levels left

rFire    . . .     SeeInvis .   a - +0 rapier
rCold    . . .     Gourm    .   l - +0 buckler
rNeg     . . .     Faith    .   b - +0 scale mail
rPois    .         Spirit   +   (no helmet)
rElec    .         Reflect  .   j - -1 cloak (curse)
rCorr    .         Harm     +   (no gloves)
MR       .....                  (no boots)
Stlth    ..........             h - amulet of harm
HPRegen  0.48/turn              (no ring)
MPRegen  0.10/turn              (no ring)

@: no status effects
A: fangs 2, regeneration 1, magic shield, antimagic bite, no potion heal 3, rot
immunity
a: no special abilities


You were on level 2 of the Dungeon.
You were not hungry.

You visited 1 branch of the dungeon, and saw 2 of its levels.

You collected 105 gold pieces.

Inventory:

Hand Weapons
 a - a +0 rapier (weapon)
Missiles
 r - 10 poisoned darts (quivered)
Armour
 b - a +0 scale mail (worn)
 j - a cursed -1 cloak (worn)
 l - a +0 buckler (worn)
Jewellery
 h - an amulet of harm (around neck)
Scrolls
 e - a scroll of random uselessness {unknown}
 i - a scroll of enchant weapon {unknown}
 k - 2 scrolls of teleportation {unknown}
 o - 2 scrolls of identify {unknown}
 p - a scroll of immolation {unknown}
Potions
 c - 4 potions of curing {unknown}
 d - a potion of might
 g - 2 potions of heal wounds {unknown}
 m - a potion of brilliance {unknown}
 n - a potion of stabbing {unknown}
 q - a potion of haste {unknown}
Comestibles
 f - 4 rations


   Skills:
 + Level 3.2 Fighting
 + Level 2.3 Short Blades
 + Level 2.8 Armour
 + Level 1.0 Dodging
 + Level 2.9 Shields
 + Level 1.3 Spellcasting


You had 5 spell levels left.
You didn't know any spells.
Your spell library was empty.

Dungeon Overview and Level Annotations

Branches:
Dungeon (2/15)

Altars:
Gozag


Innate Abilities, Weirdness & Mutations

You have extremely sharp teeth.
Your natural rate of healing is unusually fast.
When hurt, damage is shared between your health and your magic reserves.
Your bite disrupts and absorbs the magic of your enemies.
Potions cannot restore your health.
You are immune to rotting.


Message History

The iguana is moderately wounded.
The bat barely misses you. You block the iguana's attack.
You barely miss the iguana.
The iguana is moderately wounded.
The bat barely misses you. The iguana closely misses you.
The bat hits you but does no damage.
You barely miss the iguana.
The iguana is moderately wounded.
The bat hits you. The bat hits you but does no damage.
The iguana bites you but does no damage.
You hit the iguana but do no damage. You bite the iguana. You drain its power.
The iguana is severely wounded.
You block the bat's attack.
The iguana bites you but does no damage.
The iguana bites you!
* * * LOW HITPOINT WARNING * * *
You hit the iguana. Your bite misses the iguana.
The iguana is severely wounded.
The iguana bites you!
You die...

.....# ...#.# ... ....#
...# .... ...# ..(#
#...#.#.# ...#. ...
..#+##### ..... '.
............ ...##. ..
#.#........ ..... #.
#.'bl......
...#..#####.####@.......
<..#....................
...##.# #.>....?....###
...##.# #...........#
...##.####...........#
......!..'...........#
....%....#...........#
.........#...........#
.........#...........#


You could see an iguana and a bat.

Vanquished Creatures
  A howler monkey (D:2)
  An adder (D:2)
  A worm (D:2)
  A dart slug (D:1)
  2 leopard geckos (D:1)
  2 ball pythons
  3 giant cockroaches (D:2)
  4 goblins
  4 hobgoblins
  A kobold (D:2)
  2 bats (D:1)
  A frilled lizard (D:1)
  A rat (D:1)
24 creatures vanquished.

Notes
Turn   | Place    | Note
-------+----------+-------------------------------------------
     0 | D:1      | ICC the Vine Stalker Fighter began the quest for the Orb.
     0 | D:1      | Reached XP level 1. HP: 11/11 MP: 2/2
   242 | D:1      | Reached XP level 2. HP: 7/16 MP: 1/3
   768 | D:2      | Reached skill level 1 in Spellcasting
   768 | D:2      | Reached XP level 3. HP: 19/19 MP: 5/5
   812 | D:2      | Reached skill level 3 in Fighting
   812 | D:2      | Reached skill level 1 in Dodging
   812 | D:2      | Gained mutation: Your natural rate of healing is unusually
                  | fast. [Vine Stalker growth]
   812 | D:2      | Reached XP level 4. HP: 19/24 MP: 4/6
   898 | D:2      | Found an opulent altar of Gozag.
   934 | D:2      | Slain by an iguana

Levels and vault maps discovered:
D:1:      evilmike_arrival_fibonacci_small, layout_basic
D:2:      layout_basic, lemuel_doored_altar, minitemple, first_ration

Skill      XL: |  1  2  3 |
---------------+----------+-----
Short Blades   | 2 |  2.3
Spellcasting   | 1 |  1.3
Fighting       | 3 |  3.2
Dodging        | 1 |  1.0
Armour         | |  2.8
Shields        | |  2.9

Action                   |  1- 3 |  4- 6 || total
-------------------------+-------+-------++-------
Melee: Rapier            |    49 |    22 ||    71
       Bite              |    14 |     7 ||    21
Armor: Scale mail        |    21 |     8 ||    29
Dodge: Dodged            |    15 |    16 ||    31
Block: Buckler           |     4 |     4 ||     8

Table legend:
 A = Non-vault XP
 B = Vault XP
 C = Vault XP percentage of total XP
 D = Non-vault monster count
 E = Vault monster count
 F = Vault count percentage of total count
                 A         B        C        D         E       F
            +---------+---------+-------+---------+---------+-------
      Total |     118 |       0 |   0.0 |      24 |       0 |   0.0
            +---------+---------+-------+---------+---------+-------
        D:1 |      22 |       0 |   0.0 |      11 |       0 |   0.0
        D:2 |      96 |       0 |   0.0 |      13 |       0 |   0.0
            +---------+---------+-------+---------+---------+-------
